 Dungeon Crawl Stone Soup version 0.21.1-1-g345015fe64 (webtiles) character file.

56 BrokenGlass the Digger (level 3, 0/21 HPs)
             Began as an Octopode Earth Elementalist on Mar 7, 2018.
             Slain by Robin
             ... wielding a +0 falchion
              (3 damage)
             ... on level 2 of the Dungeon.
             The game lasted 00:01:47 (1087 turns).

BrokenGlass the Digger (OpEE)                       Turns: 1087, Time: 00:01:48

Health: 0/21       AC:  1    Str:  7    XL:     3   Next: 95%
Magic:  0/7        EV: 13    Int: 18    God:
Gold:   44         SH:  0    Dex: 12    Spells: 7/8 levels left

rFire    . . .     SeeInvis .   s - -1 short sword (curse)
rCold    . . .     Gourm    .   (no shield)
rNeg     . . .     Faith    .   (helmet restricted)
rPois    .         Spirit   .   (no amulet)
rElec    .         Reflect  .   (no ring)
rCorr    .         Harm     .   (no ring)
MR       .....                  (no ring)
Stlth    +++.......             (no ring)
HPRegen  0.07/turn              (no ring)
MPRegen  0.10/turn              (no ring)
                                (no ring)
                                (no ring)

@: no status effects
A: almost no armour, stealthy swim, amphibious, 8 rings, constrict 8, camouflage
1, gelatinous body 1
a: no special abilities


You were on level 2 of the Dungeon.
You were hungry.

You visited 1 branch of the dungeon, and saw 2 of its levels.

You collected 44 gold pieces.

Inventory:

Hand Weapons
 g - a +0 dagger
 s - a cursed -1 short sword (weapon)
Missiles
 b - 55 stones (quivered)
Jewellery
 p - a +6 amulet of reflection {unknown}
Potions
 a - a potion of curing {unknown}
 h - a potion of might
 l - a potion of brilliance
 n - a potion of heal wounds {unknown}
 o - a potion of agility {unknown}
 q - 2 potions of magic {unknown}
Books
 d - a book of Geomancy

   Spells                             Type                      Level
   a - Sandblast                      Earth                        1
   b - Passwall                       Transmutation/Earth          2
   c - Stone Arrow                    Conjuration/Earth            3
   d - Petrify                        Transmutation/Earth          4
   e - Lee's Rapid Deconstruction     Earth                        5
Comestibles
 c - 5 rations


   Skills:
 - Level 2.0 Dodging
 - Level 2.6 Stealth
 + Level 3.0 Spellcasting
   Level 1.0 Transmutations
 + Level 3.9 Earth Magic


You had 7 spell levels left.
You knew the following spells:

 Your Spells              Type           Power        Failure   Level  Hunger
a - Sandblast             Erth           ###...       3%          1    None


Dungeon Overview and Level Annotations

Branches:
Dungeon (2/15)

Altars:

Annotations:
D:2 Robin


Innate Abilities, Weirdness & Mutations

You cannot wear most types of armour.
You are very stealthy in the water. (Stealth+)
You are amphibious.
You can wear up to eight rings at the same time.
You can use your tentacles to constrict eight enemies at once.
Your skin changes colour to match your surroundings (Stealth+).
Your rubbery body absorbs attacks. (AC +1, EV +1)


Message History

* * * LOW HITPOINT WARNING * * *
Found a stone staircase leading up.
You hit the goblin but do no damage. You grab the goblin.
You constrict the goblin. The goblin hits you.
* * * LOW HITPOINT WARNING * * *
You hit the goblin.
You kill the goblin!
Robin roars a battlecry!
The hobgoblin goes into a battle-frenzy!
You hear a shout!
Casting: Sandblast
Confirm with . or Enter, or press ? or * to list all spells.
Aiming: Sandblast
Press: ? - help, Shift-Dir - straight line, f/p - Robin
Aim: Robin, wielding a falchion, wearing an animal skin and wearing a helmet (heavily wounded)
The blast of sand hits Robin.
Robin is almost dead.
b - 55 stones Robin hits you with a falchion.
You die...

####......##...
............#
#####..........#
##..<#..........#+#
....#........†....
......#...†.......
#.#.##............
#[#.#.....g.....g.
#@#......<##.g....
#g###..)..##†.....
#.# #........##.#.
##g###.....#####.#.
#...........# #.##
#######...#.# #...
#...#.# ####
#...#.. ########


You could see Robin and a hobgoblin.

Vanquished Creatures
  A gnoll (D:1)
  An ooze (D:2)
  2 giant cockroaches
  13 goblins
  6 hobgoblins (D:1)
  3 kobolds (D:1)
  5 bats
  5 rats
36 creatures vanquished.

Notes
Turn   | Place    | Note
-------+----------+-------------------------------------------
     0 | D:1      | BrokenGlass the Octopode Earth Elementalist began the quest for the Orb.
     0 | D:1      | Reached XP level 1. HP: 11/11 MP: 3/3
    90 | D:1      | Reached XP level 2. HP: 11/17 MP: 5/5
   328 | D:1      | Reached XP level 3. HP: 2/21 MP: 0/7
  1024 | D:2      | Noticed Robin
  1087 | D:2      | Slain by Robin

Skill      XL: |  1  2  3 |
---------------+----------+-----
Spellcasting   | 3 |  3.0
Dodging        | |  2.0
Stealth        | |  2.6
Transmutations | |  1.0
Earth Magic    | |  3.9

Action                   || total
-------------------------++-------
Melee: Dagger            ||    36
       Unarmed           ||     6
       Constrict         ||    14
       Tentacles         ||     9
       Short sword       ||    10
 Cast: Sandblast         ||    20
  Use: Scroll            ||     8
 Stab: Sleeping          ||     7
Armor: Skin              ||    12
Dodge: Dodged            ||    60
